 Dungeon Crawl Stone Soup version 0.23-b1-67-g8bd44de8e4 (webtiles) character file.

Game seed: 160564804006846041

1852 McKennaii the Insei (level 8, 0/63 HPs)
             Began as a Yellow Draconian Transmuter on Feb 6, 2019.
             Slain by an orc warrior
             ... wielding a +0 scimitar
              (4 damage)
             ... on level 8 of the Dungeon.
             The game lasted 00:17:23 (6722 turns).

McKennaii the Insei (Yellow Draconian Transmuter)   Turns: 6722, Time: 00:17:24

Health: 0/63       AC:  7    Str: 14    XL:     8   Next: 88%
Magic:  10/14      EV: 20    Int: 16    God:
Gold:   175        SH:  0    Dex: 12    Spells: 7/15 levels left

rFire    . . .     SeeInvis +   u - +9 dagger "Emuoreokeu" {pierce, MR+ Str+2}
rCold    . . .     Gourm    .   (no shield)
rNeg     . . .     Faith    .   (armour unavailable)
rPois    .         Spirit   .   (helmet restricted)
rElec    .         Reflect  .   (no cloak)
rCorr    .         Harm     .   (no gloves)
MR       +....                  y - +0 pair of boots {Stlth+}
Stlth    +++.......             (no amulet)
HPRegen  0.20/turn              h - +6 ring of evasion
MPRegen  0.14/turn              l - ring of flight

@: short of breath, very slightly contaminated
A: spit acid, unfitting armour, see invisible, sense surroundings 1, screaming
1, cold-blooded, MP-powered wands, AC +6
a: Breathe Acid, Evoke Flight


You were on level 8 of the Dungeon.
You were hungry.

You visited 1 branch of the dungeon, and saw 8 of its levels.

You collected 355 gold pieces.
You spent 180 gold pieces at shops.

Inventory:

Hand Weapons
 u - the +9 dagger "Emuoreokeu" (weapon) {pierce, MR+ Str+2}
   (You found it on level 4 of the Dungeon)

   It inflicts extra damage upon your enemies.
   It affects your strength (+2).
   It affects your resistance to hostile enchantments.
Missiles
 a - 91 arrows
Armour
 y - a +0 pair of boots of stealth (worn)
Jewellery
 h - a +6 ring of evasion (left hand)
 l - a ring of flight (right hand)
 t - an uncursed ring of ice
 x - an uncursed ring of wizardry {unknown}
Wands
 D - a wand of paralysis (17)
 F - a wand of enslavement (7)
Scrolls
 b - 3 scrolls of amnesia
 d - 3 scrolls of identify
 e - 2 scrolls of blinking
 f - 4 scrolls of remove curse {unknown}
 g - 2 scrolls of teleportation {unknown}
 k - 3 scrolls of magic mapping {unknown}
 m - a scroll of fear {unknown}
 p - a scroll of enchant weapon {unknown}
 w - a scroll of enchant armour {unknown}
 z - a scroll of random uselessness {unknown}
 A - a scroll of torment {unknown}
Potions
 i - a potion of agility
 j - a potion of cancellation
 o - 2 potions of haste
 B - a potion of lignification {unknown}
 C - a potion of resistance {unknown}
 E - a potion of ambrosia {unknown}
Comestibles
 c - 17 rations
 G - a chunk of flesh


   Skills:
 + Level 3.0 Fighting
 + Level 4.7 Dodging
 + Level 2.0 Stealth
 * Level 7.3 Unarmed Combat
 + Level 4.1 Spellcasting
 * Level 6.2 Transmutations


You had 7 spell levels left.
You knew the following spells:

 Your Spells              Type           Power        Failure   Level  Hunger
a - Beastly Appendage     Tmut           ###...       1%          1    None
b - Sticks to Snakes      Tmut           ###.....     1%          2    ##.....
c - Blade Hands           Tmut           ###.......   34%         5    ######.

Your spell library contained the following spells:

 Spells                   Type           Power        Failure   Level  Hunger
 Spider Form              Tmut/Pois      ##........   14%         3    ###....
 Ice Form                 Ice/Tmut       ##......     43%         4    ####...
 Yara's Violent Unravell  Hex/Tmut       ##........   78%         5    ######.
 Cause Fear               Hex            #.........   86%         4    ####...
 Silence                  Hex/Air        #.........   99%         5    ######.
 Deflect Missiles         Chrm/Air       #.........   100%        6    #######
 Discord                  Hex            #.........   100%        8    #######


Dungeon Overview and Level Annotations

Branches:
Dungeon (7/15)
 Temple: D:4-7

Altars:
Ashenzari
Cheibriados
Fedhas
Gozag
Hepliaklqana
Makhleb
Nemelex Xobeh
Okawaru
Qazlal
Uskayaw
Xom
The Shining One

Shops:
D:5 [[=(%


Innate Abilities, Weirdness & Mutations

You can spit globs of acid.
Your golden yellow scales are hard. (AC +6)
You cannot fit into any form of body armour.
You are cold-blooded and may be slowed by cold attacks.
You have supernaturally acute eyesight. (SInv)
You passively map a small area around you.
You occasionally shout uncontrollably at your foes.
You expend magic power (3 MP) to strengthen your wands.


Message History

Your Transmutations skill increases to level 6!
The orc misses you.
Unknown command.
The orc is no longer covered in acid.
The orc priest hits you.
* * * LOW HITPOINT WARNING * * *
You see here a wyvern corpse.
You puncture the orc priest!
You kill the orc priest!
The orc hits you with a cursed +0 dagger.
* * * LOW HITPOINT WARNING * * *
The orc misses you.
You hit the orc.
The orc is heavily wounded.
The orc hits you but does no damage.
You hit the orc.
You kill the orc!
You float gracefully downwards.
The orc wizard is no longer covered in acid.
The orc warrior hits you with a +0 scimitar.
You die...

##..##
.......,
*>..>..,
......
##.... * *
#....#
####.#..#
##.oo.#..#
#@o##....#
#)###.#.##
#.#.oo..#
#.#.....#
#.#..o..#
#$#.....#
*
#.#..)o.#*
,
..#.#/..#*
,,
.........
* *


You could see an orc warrior, an orc wizard (invisible) and an orc.

Vanquished Creatures
  A wyvern (D:8)
  The ghost of PeterQ the Cutter, an amateur DsGl of Okawaru (D:6)
  An orc warrior (D:6)
  An ogre (D:6)
  A centaur (D:6)
  A phantom (D:5)
  2 howler monkeys (D:4)
  A bullfrog zombie (D:5)
  A jelly (D:6)
  4 orc priests
  A hound (D:5)
  Terence (D:2)
  2 iguanas (D:5)
  10 orc wizards
  8 worker ants
  A hound zombie (D:6)
  A hound skeleton (D:4)
  2 worker ant zombies (D:6)
  A howler monkey skeleton (D:6)
  A gnoll (D:3)
  9 adders
  An ooze (D:5)
  4 worms
  An adder skeleton (D:7)
  2 dart slugs (D:2)
  3 leopard geckos
  24 orcs
  8 bats
  7 giant cockroaches
  8 goblins
  6 hobgoblins
  3 jackals
  6 kobolds
  4 quokkas
  A ball python (D:1)
  3 frilled lizards
  A jackal skeleton (D:6)
  6 rats
139 creatures vanquished.

Vanquished Creatures (collateral kills)
  A hippogriff (D:8)
  A phantom (D:6)
  An orc wizard (D:4)
  3 gnolls (D:3)
  An adder (D:8)
  2 adder skeletons (D:4)
  5 orcs
  2 jackals (D:4)
  A kobold (D:3)
17 creatures vanquished.

Grand Total: 156 creatures vanquished

Notes
Turn   | Place    | Note
-------+----------+-------------------------------------------
     0 | D:1      | McKennaii the Draconian Transmuter began the quest for the
                  | Orb.
     0 | D:1      | Reached XP level 1. HP: 16/16 MP: 3/3
   291 | D:1      | Reached XP level 2. HP: 9/23 MP: 3/5
  1363 | D:2      | Reached XP level 3. HP: 28/28 MP: 6/6
  1371 | D:2      | Learned a level 2 spell: Sticks to Snakes
  1380 | D:2      | Noticed Terence
  1391 | D:2      | Killed Terence
  1391 | D:2      | Reached skill level 4 in Unarmed Combat
  1569 | D:2      | Reached XP level 4. HP: 35/35 MP: 7/7
  2319 | D:3      | Reached XP level 5. HP: 16/40 MP: 8/8
  3835 | D:4      | Reached skill level 5 in Unarmed Combat
  3835 | D:4      | Reached XP level 6. HP: 47/47 MP: 5/9
  3920 | D:4      | Learned a level 5 spell: Blade Hands
  4134 | D:4      | Got a crude dagger
  4135 | D:4      | Identified the +9 dagger "Emuoreokeu" {pierce, MR+ Str+2}
                  | (You found it on level 4 of the Dungeon)
  4469 | D:4      | Your scales start taking on a golden yellow colour.
  4469 | D:4      | Reached XP level 7. HP: 45/52 MP: 11/11
  4672 | D:4      | Found an iron altar of Okawaru.
  4799 | D:5      | Entered Level 5 of the Dungeon
  4816 | D:5      | Found Nehe's Weapon Emporium.
  4829 | D:5      | Found Bidaatac's Food Emporium.
  4865 | D:5      | Found Ovvem's Jewellery Emporium.
  5012 | D:5      | Reached skill level 6 in Unarmed Combat
  5296 | D:5      | Found Itozosh's Armour Shoppe.
  5325 | D:5      | Found a blossoming altar of Fedhas.
  5437 | D:5      | Found Roudoyn's Antique Armour Boutique.
  5440 | D:5      | Bought a pair of runed boots for 180 gold pieces
  5561 | D:5      | Reached skill level 5 in Transmutations
  5570 | D:5      | Found a sparkling altar of Nemelex Xobeh.
  5687 | D:6      | Noticed PeterQ's ghost (amateur DsGl)
  5691 | D:6      | Found a runed translucent door.
  5714 | D:6      | Reached skill level 1 in Stealth
  5813 | D:6      | Reached XP level 8. HP: 61/61 MP: 13/13
  6054 | D:6      | Reached skill level 7 in Unarmed Combat
  6183 | D:6      | Found a snail-covered altar of Cheibriados.
  6243 | D:6      | Found a hazy altar of Hepliaklqana.
  6493 | D:6      | Killed PeterQ's ghost
  6525 | D:7      | Found a shimmering altar of Xom.
  6525 | D:7      | Found a shattered altar of Ashenzari.
  6525 | D:7      | Found an opulent altar of Gozag.
  6525 | D:7      | Found a stormy altar of Qazlal.
  6601 | D:7      | Found a burning altar of Makhleb.
  6603 | D:7      | Found a glowing golden altar of the Shining One.
  6677 | D:7      | You fall through a shaft!
  6677 | D:8      | Found a hide-covered altar of Uskayaw.
  6678 | D:8      | Noticed a hippogriff
  6701 | D:8      | Killed a hippogriff
  6702 | D:8      | Gained mutation: You have supernaturally acute eyesight.
                  | (SInv) [potion of mutation]
  6702 | D:8      | Gained mutation: You occasionally shout uncontrollably at
                  | your foes. [potion of mutation]
  6702 | D:8      | Gained mutation: You expend magic power (3 MP) to
                  | strengthen your wands. [potion of mutation]
  6702 | D:8      | Gained mutation: You passively map a small area around you.
                  | [potion of mutation]
  6722 | D:8      | Slain by an orc warrior

Skill      XL: |  1  2  3  4  5  6  7  8 |
---------------+-------------------------+-----
Dodging        | 2 3 4 |  4.7
Unarmed Combat | 4 5 6 7 |  7.3
Transmutations | 3 4 5 6 |  6.2
Spellcasting   | 3 4 |  4.1
Stealth        | 1 2 |  2.0
Fighting       | 2 3 |  3.0

Action                   |  1- 3 |  4- 6 |  7- 9 || total
-------------------------+-------+-------+-------++-------
Melee: Unarmed           |   105 |   241 |       ||   346
       Tailslap          |     6 |    28 |    17 ||    51
       Kick              |    12 |     6 |     2 ||    20
       Headbutt          |       |     8 |     3 ||    11
       Punch             |       |     5 |     6 ||    11
       Dagger            |       |    27 |   172 ||   199
 Cast: Beastly Appendage |     5 |    12 |     5 ||    22
       Sticks to Snakes  |     1 |     6 |    15 ||    22
 Abil: Breathe Acid      |       |       |     3 ||     3
  Use: Scroll            |       |     5 |       ||     5
       Potion            |       |       |     7 ||     7
 Stab: Distracted        |     1 |       |       ||     1
       Sleeping          |       |       |     2 ||     2
  Eat: Chunk             |     2 |    10 |     8 ||    20
Armor: Skin              |    22 |    38 |    31 ||    91
Dodge: Dodged            |    74 |   223 |   210 ||   507
